 Dungeon Crawl Stone Soup version 0.23.2-1-ga50397a (webtiles) character file.

Game seed: 17272704829905968326

82 IBeShadow the Skirmisher (level 4, -2/57 HPs)
             Began as a Demonspawn Chaos Knight on May 20, 2019.
             Was a Plaything of Xom.
             Slain by a hornet (shapeshifter) (7 damage)
             ... on level 2 of the Dungeon.
             The game lasted 00:01:48 (1045 turns).

IBeShadow the Skirmisher (Demonspawn Chaos Knight)  Turns: 1045, Time: 00:01:49

Health: -2/57      AC: 22    Str: 18    XL:     4   Next: 21%
Magic:  4/4        EV:  2    Int: 13    God:    Xom [....*.]
Gold:   75         SH:  0    Dex: 16    Spells: 3/3 levels left

rFire    . . .     SeeInvis .   a - +0 mace (chaos)
rCold    . . .     Gourm    .   (no shield)
rNeg     + + +     Faith    .   (armour currently unavailable)
rPois    +         Spirit   .   (helmet currently unavailable)
rElec    .         Reflect  .   (cloak currently unavailable)
rCorr    .         Harm     .   (gloves currently unavailable)
MR       .....     NoTele   +   (boots currently unavailable)
Stlth    +.........             (no amulet)
HPRegen  0.19/turn              e - +3 ring of dexterity
MPRegen  0.09/turn              (no ring)

@: mighty, lethally poisoned (-2 -> -12), tree-form
A: repulsion field 1, powered by pain 1
a: Renounce Religion


You were on level 2 of the Dungeon.
You worshipped Xom.
You were a beloved toy of Xom.
You were not hungry.
You were a tree.
You visited 1 branch of the dungeon, and saw 2 of its levels.

You collected 75 gold pieces.

Inventory:

Hand Weapons
 a - a +0 mace of chaos (weapon)
Armour
 b - a +2 leather armour (melded)
Jewellery
 e - a +3 ring of dexterity (left branch)
Scrolls
 d - 3 scrolls of magic mapping {unknown}
 h - a scroll of teleportation {unknown}
 j - a scroll of fog {unknown}
 k - a scroll of remove curse {unknown}
 l - a scroll of immolation {unknown}
Potions
 g - a potion of might
Comestibles
 c - 4 rations


   Skills:
 * Level 4.5 Fighting
 + Level 3.4 Maces & Flails
 - Level 1.7 Armour
 - Level 0.8 Dodging


You had 3 spell levels left.
You didn't know any spells.
Your spell library was empty.

Dungeon Overview and Level Annotations

Branches:
Dungeon (2/15)

Altars:
Xom


Innate Abilities, Weirdness & Mutations

((You have sharp toenails.))
You are surrounded by a mild repulsion field. (EV +2)
You sometimes gain a little power by taking damage.


Message History

You miss the human.
* * * LOW HITPOINT WARNING * * *
You feel sick.
The human changes into a hornet!
Unknown command.
You barely miss the hornet.
* * * LOW HITPOINT WARNING * * *
You feel sick.
The hornet stings you but does no damage.
Unknown command.
Okay, then.
You closely miss the hornet.
* * * LOW HITPOINT WARNING * * *
You feel sick. The hornet stings you.
* * * LOW HITPOINT WARNING * * *
The hornet stings you but does no damage.
You completely miss the hornet.
* * * LOW HITPOINT WARNING * * *
You feel sick. The hornet stings you!
You die...
Xom cackles wildly!

# #.# .# .# # ##.## ###
.###.# # ##...## #..
.....####.# #.....# #.#
..........# ##...##
#.##..#..###### # ##.##
#.#...# ## ###.# #.#.#
.## ##.#.## #y#...#
..####.....#####♣###.#.
..+.....................
..####.....#####........
.## #..#..# ######.###
## #.###.# # # #.# #.#
#.###.# #.....#
##########.#


You could see a hornet shaped shifter.

Vanquished Creatures
  A worker ant (D:2)
  An adder (D:2)
  An ooze (D:2)
  3 dart slugs (D:1)
  5 bats
  5 goblins
  7 hobgoblins
  A jackal (D:1)
  2 frilled lizards (D:1)
  7 kobolds
  8 rats
41 creatures vanquished.

Notes
Turn   | Place    | Note
-------+----------+-------------------------------------------
     0 | D:1      | IBeShadow the Demonspawn Chaos Knight began the quest for
                  | the Orb.
     0 | D:1      | Reached XP level 1. HP: 18/18 MP: 1/1
    52 | D:1      | Gained mutation: You are surrounded by a mild repulsion
                  | field. (EV +2) [demonic ancestry]
    52 | D:1      | Reached XP level 2. HP: 24/24 MP: 2/2
   153 | D:1      | XOM: divination: magic mapping
   236 | D:1      | XOM: 5-stop teleportation journey
   361 | D:1      | XOM: fog
   364 | D:1      | Gained mutation: You have sharp toenails. [demonic
                  | ancestry]
   364 | D:1      | Reached XP level 3. HP: 29/30 MP: 3/3
   453 | D:1      | XOM: scenery: create altars
   543 | D:2      | XOM: 1-stop teleportation journey
   550 | D:2      | Reached skill level 4 in Fighting
   617 | D:2      | XOM: cloud trail
   646 | D:2      | XOM: 8-stop teleportation journey
   704 | D:2      | XOM: mild Ice miscast
   982 | D:2      | Gained mutation: You sometimes gain a little power by
                  | taking damage. [demonic ancestry]
   982 | D:2      | Reached XP level 4. HP: 36/38 MP: 4/4
  1035 | D:2      | Noticed a shapeshifter
  1035 | D:2      | a hobgoblin changed into a shapeshifter
  1035 | D:2      | Noticed a black mamba
  1035 | D:2      | a shapeshifter changed into a black mamba
  1037 | D:2      | Noticed a hornet
  1037 | D:2      | a black mamba changed into a hornet
  1038 | D:2      | Paralysed by a hornet for 2 turns
  1039 | D:2      | Noticed a human
  1039 | D:2      | a hornet changed into a human
  1042 | D:2      | Noticed a hornet
  1042 | D:2      | a human changed into a hornet
  1045 | D:2      | Slain by a hornet (shapeshifter)

Skill      XL: |  1  2  3 |
---------------+----------+-----
Maces & Flails | 3 |  3.4
Fighting       | 4 |  4.5
Armour         | |  1.7
Dodging        | |  0.8

Action                   |  1- 3 |  4- 6 || total
-------------------------+-------+-------++-------
Melee: Mace              |    85 |    12 ||    97
       Kick              |    12 |     1 ||    13
  Use: Potion            |       |     2 ||     2
 Stab: Sleeping          |     1 |       ||     1
  Eat: Chunk             |       |     1 ||     1
Armor: Leather armour    |    25 |     1 ||    26
       Skin              |       |     3 ||     3
Dodge: Dodged            |    67 |     8 ||    75
